 Dungeon Crawl Stone Soup version 0.24-a0-139-geb6712d (webtiles) character file.

Game seed: 0

194934 Inarius the Stormcaller (level 19, -3/100 HPs)
             Began as a Kobold Air Elementalist on Mar 1, 2019.
             Was the Champion of Vehumet.
             Killed by an exploding ball lightning (7 damage)
             ... created by the player character
             ... on level 4 of the Snake Pit on Mar 2, 2019.
             The game lasted 03:32:21 (55156 turns).

Inarius the Stormcaller (Kobold Air Elementalist)  Turns: 55156, Time: 03:32:22

Health: -3/100     AC: 23    Str: 12    XL:     19   Next: 48%
Magic:  29/34      EV: 11    Int: 23    God:    Vehumet [******]
Gold:   550        SH:  6    Dex: 16    Spells: 5/41 levels left

rFire    . . .     SeeInvis .   R - +1 falchion of Watchfulness {venom, Str+6}
rCold    . . .     Gourm    .   I - +0 buckler {reflect}
rNeg     . . .     Faith    .   L - +4 chain mail of the Evening Star {MR++}
rPois    +         Spirit   .   f - +2 helmet
rElec    .         Reflect  +   o - +0 cloak
rCorr    .         Harm     .   F - +0 pair of gloves {archery}
MR       +++..                  Q - +2 pair of boots {Fly}
Stlth    ..........             m - amulet of magic regeneration
HPRegen  0.26/turn              B - ring of wizardry
MPRegen  0.49/turn              D - ring of poison resistance

@: no status effects
A: small, carnivore
a: Renounce Religion, Evoke Flight


You were on level 4 of the Snake Pit.
You worshipped Vehumet.
Vehumet was exalted by your worship.
You were very hungry.

You visited 6 branches of the dungeon, and saw 32 of its levels.

You collected 3229 gold pieces.
You spent 2679 gold pieces at shops.

Inventory:

Hand Weapons
 R - the +1 falchion of Watchfulness (weapon) {venom, Str+6}
   (You found it on level 10 of the Dungeon)

   It poisons the flesh of those it strikes.
   It affects your strength (+6).
Armour
 f - a +2 helmet (worn)
 o - a +0 cloak (worn)
 y - the +1 ring mail "Kymmak" {+Blink rF- Regen+ Int+8}
   (You bought it in a shop on level 3 of the Shoals)

   It affects your intelligence (+8).
   It makes you vulnerable to fire.
   It lets you blink.
   It increases your rate of regeneration.
 F - a +0 pair of gloves of archery (worn)
 I - a +0 buckler of reflection (worn)
 J - a +0 shield
 L - the +4 chain mail of the Evening Star (worn) {MR++}
   (You bought it in a shop on level 11 of the Dungeon)

   It affects your resistance to hostile enchantments.
 Q - a +2 pair of boots of flying (worn)
Magical Staves
 i - an uncursed staff of air
Jewellery
 m - an amulet of magic regeneration (around neck)
 x - a +6 ring of protection
 z - an uncursed ring of see invisible
 B - a ring of wizardry (left hand)
 D - a ring of poison resistance (right hand)
 V - an uncursed ring of protection from cold
 Y - the ring of Gutim {Fire Str+6}
   (You found it on level 2 of the Lair of Beasts)

   [ring of fire]

   It enhances your fire magic.
   It affects your strength (+6).
   It protects you from fire.
   It makes you vulnerable to cold.
 Z - an uncursed ring of protection from fire
Wands
 e - a wand of scattershot (13)
 k - a wand of enslavement (7)
 s - a wand of random effects (31)
 u - a wand of polymorph (27)
 E - a wand of flame (40)
 G - a wand of clouds (1)
 U - a wand of disintegration (30)
 W - a wand of paralysis (37)
Scrolls
 b - 13 scrolls of identify
 g - 9 scrolls of teleportation
 j - 3 scrolls of amnesia
 r - 4 scrolls of silence
 v - a scroll of fog
 A - 4 scrolls of enchant armour
 C - a scroll of magic mapping
 N - 6 scrolls of remove curse
 O - 5 scrolls of enchant weapon
 P - 2 scrolls of holy word
 S - a scroll of blinking
Potions
 a - 2 potions of invisibility
 d - 6 potions of agility
 h - 3 potions of cancellation
 l - 3 potions of haste
 n - a potion of magic
 p - 5 potions of flight
 q - 6 potions of might
 t - 5 potions of brilliance
 H - 6 potions of curing
 M - a potion of heal wounds
Miscellaneous
 w - a phantom mirror
 K - a lamp of fire
Comestibles
 c - 45 rations


   Skills:
 + Level 4.8 Fighting
   Level 3.8(5.4) Short Blades
 - Level 3.6(4.0) Long Blades
 + Level 6.4 Armour
 + Level 7.0 Dodging
 + Level 6.0 Stealth
 + Level 5.3 Shields
 * Level 11.6 Spellcasting
 * Level 15.8 Conjurations
 + Level 0.1 Charms
 + Level 3.7 Translocations
 + Level 20.9 Air Magic
 + Level 6.0 Evocations


You had 5 spell levels left.
You knew the following spells:

 Your Spells              Type           Power        Failure   Level  Hunger
a - Shock                 Conj/Air       ####         1%          1    None
b - Airstrike             Air            #######...   1%          4    None
c - Swiftness             Chrm/Air       ######..     1%          2    None
d - Lightning Bolt        Conj/Air       #######...   1%          5    ####...
e - Blink                 Tloc           N/A          17%         2    None
f - Tornado               Air            #######...   88%         9    #######
g - Conjure Ball Lightni  Conj/Air       #######...   1%          6    #####..
h - Orb of Destruction    Conj           ######....   17%         7    #######

Your spell library contained the following spells:

 Spells                   Type           Power        Failure   Level  Hunger
 Chain Lightning          Conj/Air       #######...   41%         8    #######
 Shatter                  Erth           ##........   100%        9    #######
 Flame Tongue             Conj/Fire      #####        1%          1    None
 Magic Dart               Conj           ####         1%          1    None
 Conjure Flame            Conj/Fire      #####...     1%          3    None
 Mephitic Cloud           Conj/Pois/Air  ######..     1%          3    None
 Static Discharge         Conj/Air       #######.     1%          3    None
 Fireball                 Conj/Fire      #####.....   16%         5    ####...
 Gell's Gravitas          Tloc           ####......   32%         3    None
 Ignite Poison            Fire/Tmut/Pois ##......     36%         3    None
 Animate Skeleton         Necr           N/A          45%         1    None
 Beastly Appendage        Tmut           ##....       45%         1    None
 Confusing Touch          Hex            ##....       45%         1    None
 Pain                     Necr           ##..         45%         1    None
 Call Imp                 Summ           ##......     61%         2    None
 Slow                     Hex            ##......     61%         2    None
 Sticks to Snakes         Tmut           ##......     61%         2    None
 Confuse                  Hex            ##......     82%         3    None
 Regeneration             Chrm/Necr      ##........   82%         3    None
 Spider Form              Tmut/Pois      ##........   82%         3    None
 Vampiric Draining        Necr           ##........   82%         3    None
 Yara's Violent Unravell  Hex/Tmut       ##........   95%         5    ####...
 Animate Dead             Necr           N/A          99%         4    None
 Cause Fear               Hex            ##........   99%         4    None
 Ice Form                 Ice/Tmut       ##......     99%         4    None
 Petrify                  Tmut/Erth      ##......     99%         4    None
 Blade Hands              Tmut           ##........   100%        5    ####...
 Metabolic Englaciation   Hex/Ice        ##........   100%        5    ####...
 Bolt of Fire             Conj/Fire      #####.....   56%         6    #####..
 Dragon Form              Tmut           ##........   100%        7    #######
 Ring of Flames           Chrm/Fire      ##........   100%        7    #######
 Ignition                 Fire           ##........   100%        8    #######
 Dragon's Call            Summ           ##........   100%        9    #######


Dungeon Overview and Level Annotations

Branches:
Dungeon (15/15)            Temple (0/1) D:5            Lair (6/6) D:9
 Shoals (4/4) Lair:3        Snake (4/4) Lair:2        Slime (0/5) Lair:6
    Orc (2/2) D:9             Elf (1/3) Orc:2        Vaults (0/5) D:14
 Depths (0/5) D:15

Altars:
Elyvilon
Gozag
Kikubaaqudgha
Nemelex Xobeh
Okawaru
Qazlal
Trog
Uskayaw
Vehumet
Wu Jian
Zin
Beogh

Shops:
D:11 [   D:15 (   Orc:2 %[[!   Shoals:2 =[=?%   Shoals:3 [

Annotations:
D:10 Urug
Lair:1 Nergalle
Shoals:3 Bai Suzhen
Shoals:4 Mara
Snake:1 3 runed translucent doors, Quzxiy's ghost, adept GrBe
Snake:2 3 runed translucent doors, XanderDroid's ghost, adept MiBe


Innate Abilities, Weirdness & Mutations

You are small and have problems with some larger weapons.
You are carnivorous and can eat meat at any time.


Message History

Unknown command.
Unknown command.
Your ball lightning explodes!
The blast of lightning engulfs the sea snake!!!
The sea snake is severely wounded.
The blast of lightning engulfs the plant!!
You destroy the plant!
The blast of lightning engulfs the naga mage!!
The naga mage is severely wounded.
The blast of lightning engulfs you!!!
* * * LOW HITPOINT WARNING * * *
The blast of lightning engulfs your ball lightning.
Your ball lightning completely resists.
Your ball lightning explodes!
The blast of lightning engulfs the naga mage.
The naga mage is almost dead.
The blast of lightning engulfs the sea snake!!
The sea snake is almost dead.
The blast of lightning engulfs you!
You die...

#♣≈≈♣≈≈♣≈#................##
♣≈≈≈≈≈P≈≈................##
≈≈≈≈≈≈♣≈♣≈..........[...##
P≈≈≈≈≈≈≈≈≈♣............##
≈P≈P≈≈≈♣≈♣≈............#
P≈♣≈≈≈≈≈≈♣≈...........##
≈≈≈≈≈≈≈≈≈♣≈...........#
≈≈≈≈≈≈≈≈≈♣≈♣######....#
≈≈≈≈≈≈≈≈≈≈♣P..#.@#....#
≈≈≈≈≈≈≈≈≈≈≈♣.SS#.#....#
≈≈≈≈≈≈≈≈≈≈≈...N.#....#
≈≈≈≈≈≈≈≈♣♣♣...#.'...##
≈≈≈≈≈≈≈≈≈≈≈.....#^.##
≈≈≈≈≈≈≈≈≈♣≈..##.#.##
≈≈≈≈≈≈≈♣≈♣≈######## ≈≈≈≈≈≈≈
≈♣♣ ♣≈≈≈≈≈≈ ≈♣


You could see 2 sea snakes and a naga mage.

Vanquished Creatures
  Rupert (D:13)
  A kraken (Shoals:2)
  Ilsuiw (Shoals:3)
  2 orc warlords
  Aizul (Snake:1)
  The ghost of George the Basher, a journeyman GrFi of Makhleb (Orc:1)
  A deep elf demonologist (Orc:2)
  A dire elephant (shapeshifter) (D:15)
  A merfolk javelineer (Shoals:3)
  5 merfolk impalers
  The ghost of ilikecats the Basher, a journeyman FoFi of Uskayaw (D:11)
  Josephine (D:14)
  Erolcha (D:11)
  An ogre mage (D:14)
  7 hydras
  2 vault guards (D:14)
  6 anacondas
  3 centaur warriors
  10 naga warriors
  A merfolk avatar (Shoals:1)
  2 merfolk aquamancers
  An ice dragon (Lair:5)
  A death knight (D:12)
  A dancing weapon (Orc:2)
  12 two-headed ogres
  2 tengu warriors
  10 naga sharpshooters
  3 death yaks (Lair:4)
  6 shock serpents
  2 deep elf knights
  4 orc high priests (Orc:2)
  13 spriggans (Lair:6)
  Sonja (Lair:6)
  4 salamander mystics
  7 skeletal warriors
  16 sea snakes
  2 unseen horrors
  A glowing orange brain (D:15)
  A phantasmal warrior (D:11)
  5 naga ritualists
  A deep elf archer (Elf:1)
  The ghost of Arum the Tainter, a novice OpVM of Vehumet (D:7)
  15 harpies
  A wolf spider (shapeshifter) (D:13)
  4 orc knights (Orc:2)
  5 mana vipers
  A wolf spider zombie (D:14)
  11 deep elf magi
  6 fauns
  8 orc sorcerers
  2 oklob plants (Lair:4)
  11 manticores
  12 ugly things
  A wolf spider (D:15)
  6 cyclopes
  11 merfolk sirens
  10 salamanders
  2 centaur zombies
  3 water nymphs (Shoals:3)
  2 guardian serpents
  7 elephants
  A guardian serpent (shapeshifter) (D:14)
  12 spiny frogs
  25 black mambas
  Psyche (D:10)
  14 naga magi
  3 freezing wraiths
  7 yaktaurs
  11 komodo dragons
  4 kobold demonologists
  3 rime drakes
  A tengu conjurer (D:13)
  14 merfolk
  10 trolls
  4 wind drakes
  6 polar bears
  7 hornets
  Prince Ribbit (D:6)
  A harpy zombie (D:15)
  A raiju (shapeshifter) (D:15)
  11 blink frogs
  11 hippogriffs
  2 slime creatures (D:15)
  16 snapping turtles
  2 shadows
  A redback (D:13)
  11 water elementals
  6 wraiths
  5 wyverns
  Eustachio (D:6)
  31 yaks
  9 humans (D:14)
  4 basilisks
  4 vampire mosquitoes
  3 hungry ghosts
  3 steam dragons
  Menkaure (D:7)
  29 nagas
  3 wargs (Orc:1)
  9 water moccasins
  12 porcupines
  6 sky beasts
  6 black bears
  48 orc warriors
  A necrophage (D:9)
  2 ice beasts
  A phantom (D:6)
  20 wolves
  20 ogres
  13 centaurs
  5 boggarts
  14 crocodiles
  4 big kobolds
  Blork the orc (D:4)
  28 bullfrogs
  A wyvern skeleton (D:8)
  2 wyvern zombies
  A water moccasin skeleton (D:8)
  3 scorpions
  15 killer bees
  21 wights
  A howler monkey (D:7)
  2 electric eels
  8 crimson imps
  4 bullfrog zombies
  8 hounds
  Crazy Yiuf (D:4)
  6 bullfrog skeletons
  5 centaur skeletons
  6 jellies
  36 orc priests
  39 orc wizards
  2 iguanas
  Ijyb (D:3)
  Natasha (thrice) (D:3)
  16 worker ants
  A hound zombie (D:6)
  2 worker ant zombies (D:10)
  19 adders
  2 howler monkey skeletons
  A shadow imp (D:11)
  3 white imps (Lair:5)
  5 oozes (D:9)
  An adder skeleton (D:4)
  2 adder zombies
  6 worms
  3 dart slugs
  10 leopard geckos
  148 orcs
  6 bats
  6 giant cockroaches
  11 goblins
  4 hobgoblins
  7 jackals
  10 quokkas
  2 ball pythons
  8 frilled lizards
  19 kobolds
  A leopard gecko skeleton (D:4)
  A leopard gecko zombie (D:8)
  A quokka zombie (D:9)
  8 rats
  4 fungi
  12 plants
  A tentacle (Shoals:2)
1216 creatures vanquished.

Vanquished Creatures (collateral kills)
  A fungus (Lair:1)
1 creature vanquished.

Vanquished Creatures (others)
  A vault guard (D:14)
  6 ball lightnings
  5 fungi
  56 plants
  5 tentacles (Shoals:2)
73 creatures vanquished.

Grand Total: 1290 creatures vanquished

Notes
Turn   | Place    | Note
-------+----------+-------------------------------------------
     0 | D:1      | Inarius the Kobold Air Elementalist began the quest for the
                  | Orb.
     0 | D:1      | Reached XP level 1. HP: 10/10 MP: 3/3
   265 | D:1      | Reached XP level 2. HP: 15/15 MP: 3/5
  1231 | D:2      | Reached XP level 3. HP: 19/19 MP: 2/6
  1719 | D:2      | Found a white marble altar of Elyvilon.
  1802 | D:2      | Reached XP level 4. HP: 24/24 MP: 2/8
  1860 | D:2      | Found a faded altar of an unknown god.
  2070 | D:2      | Found a glowing silver altar of Zin.
  2390 | D:2      | Found a radiant altar of Vehumet.
  2395 | D:2      | Became a worshipper of Vehumet
  2521 | D:3      | Found a hide-covered altar of Uskayaw.
  2537 | D:3      | Reached XP level 5. HP: 28/28 MP: 5/9
  2897 | D:3      | Reached skill level 4 in Air Magic
  2951 | D:3      | Reached * piety under Vehumet
  2951 | D:3      | Offered knowledge of Sting by Vehumet.
  3264 | D:3      | Reached XP level 6. HP: 33/33 MP: 9/11
  3418 | D:3      | Learned a level 4 spell: Airstrike
  3421 | D:3      | Learned a level 2 spell: Swiftness
  3427 | D:3      | Learned a level 5 spell: Lightning Bolt
  3741 | D:4      | Noticed Ijyb
  4023 | D:4      | Noticed Natasha
  4029 | D:3      | Killed Natasha
  4069 | D:3      | Noticed Natasha
  4077 | D:3      | Killed Natasha
  4077 | D:3      | Reached XP level 7. HP: 23/37 MP: 9/13
  4083 | D:3      | Noticed Natasha
  4093 | D:3      | Killed Natasha
  4237 | D:3      | Killed Ijyb
  4404 | D:4      | Noticed Blork the orc
  4436 | D:4      | HP: 1/37 [something (13)]
  4740 | D:4      | Killed Blork the orc
  4770 | D:4      | Reached skill level 5 in Conjurations
  4953 | D:4      | Offered knowledge of Flame Tongue by Vehumet.
  4953 | D:4      | Reached skill level 5 in Air Magic
  4957 | D:4      | Reached ** piety under Vehumet
  5243 | D:4      | Reached skill level 1 in Short Blades
  5350 | D:4      | Reached XP level 8. HP: 42/42 MP: 11/14
  5481 | D:4      | Found a bloodstained altar of Trog.
  5482 | D:4      | Found an ancient bone altar of Kikubaaqudgha.
  5588 | D:4      | Found a runed translucent door.
  5589 | D:4      | Noticed Crazy Yiuf
  5595 | D:4      | Killed Crazy Yiuf
  5609 | D:4      | Learned a level 2 spell: Blink
  5645 | D:5      | Entered Level 5 of the Dungeon
  5952 | D:5      | Found a sparkling altar of Nemelex Xobeh.
  5966 | D:5      | Found a staircase to the Ecumenical Temple.
  5977 | D:5      | Reached skill level 1 in Fighting
  6310 | D:5      | Offered knowledge of Inner Flame by Vehumet.
  6387 | D:5      | Reached skill level 1 in Translocations
  6464 | D:5      | Reached skill level 6 in Air Magic
  6465 | D:5      | Reached skill level 5 in Spellcasting
  6679 | D:6      | Noticed Eustachio
  6943 | D:6      | Killed Eustachio
  6943 | D:6      | Reached XP level 9. HP: 47/47 MP: 11/16
  7154 | D:6      | Reached *** piety under Vehumet
  7438 | D:6      | Reached skill level 7 in Air Magic
  7525 | D:6      | Learned a level 3 spell: Mephitic Cloud
  7886 | D:6      | Noticed Prince Ribbit
  7903 | D:6      | HP: 2/47 [Prince Ribbit (13)]
  8510 | D:6      | Found a bloodstained altar of Trog.
  8833 | D:7      | Noticed Menkaure
  8950 | D:7      | Offered knowledge of Throw Icicle by Vehumet.
  9157 | D:7      | Killed Menkaure
  9512 | D:7      | Reached skill level 8 in Air Magic
  9512 | D:7      | Reached XP level 10. HP: 53/53 MP: 3/17
  9588 | D:7      | Found a runed translucent gate.
  9588 | D:7      | Found an opulent altar of Gozag.
  9588 | D:7      | Noticed Arum's ghost (novice OpVM)
  9589 | D:7      | Found a runed translucent gate.
  9589 | D:7      | Found a runed translucent gate.
  9627 | D:7      | Found a white marble altar of Elyvilon.
  9998 | D:8      | Found a stormy altar of Qazlal.
 10088 | D:8      | Found a sparkling altar of Nemelex Xobeh.
 10100 | D:8      | Reached **** piety under Vehumet
 10102 | D:8      | Reached skill level 5 in Dodging
 10292 | D:8      | Reached skill level 9 in Air Magic
 10359 | D:8      | Offered knowledge of Ignite Poison by Vehumet.
 11086 | D:9      | Noticed an elephant
 11126 | D:9      | Killed an elephant
 11126 | D:9      | Reached skill level 10 in Air Magic
 11265 | D:9      | Found a staircase to the Lair.
 11488 | D:9      | Reached ***** piety under Vehumet
 11556 | D:9      | Reached XP level 11. HP: 56/58 MP: 14/18
 11624 | D:9      | Offered knowledge of Freezing Cloud by Vehumet.
 11661 | D:9      | Found a staircase to the Orcish Mines.
 12182 | D:6      | Killed Prince Ribbit
 12182 | D:6      | Reached skill level 1 in Armour
 12352 | D:10     | Entered Level 10 of the Dungeon
 12389 | D:10     | Noticed Urug
 12397 | D:10     | Noticed Urug
 12397 | D:10     | Urug changed into Urug the deep troll
 12519 | D:10     | Reached skill level 5 in Stealth
 12531 | D:10     | Reached skill level 10 in Conjurations
 12712 | D:10     | Got a polished falchion
 12716 | D:10     | Identified the cursed +1 falchion of Watchfulness {venom,
                  | Str+6} (You found it on level 10 of the Dungeon)
 12764 | D:10     | Killed an unseen horror
 12925 | D:10     | Reached skill level 11 in Air Magic
 13016 | D:10     | Noticed Psyche
 13021 | D:10     | Killed Psyche
 13027 | D:10     | Noticed a two-headed ogre
 13046 | D:10     | Killed a two-headed ogre
 13046 | D:10     | Reached skill level 1 in Evocations
 13455 | D:10     | Reached XP level 12. HP: 56/64 MP: 8/19
 14351 | D:11     | Reached skill level 12 in Air Magic
 14464 | D:11     | Offered knowledge of Bolt of Fire by Vehumet.
 14589 | D:11     | Noticed Erolcha
 14592 | D:11     | Reached skill level 1 in Long Blades
 14757 | D:11     | Noticed a four-headed hydra
 14767 | D:11     | Killed a four-headed hydra
 14882 | D:11     | Found a runed translucent door.
 14882 | D:11     | Noticed ilikecats's ghost (journeyman FoFi)
 14958 | D:11     | Found Asiun's Antique Armour Shoppe.
 15163 | D:11     | Reached skill level 13 in Air Magic
 15209 | D:11     | Killed Erolcha
 15314 | Lair:1   | Entered Level 1 of the Lair of Beasts
 15634 | Lair:1   | Noticed Nergalle
 16400 | Lair:2   | Got a glittering tin ring
 16538 | Lair:1   | Identified the ring of Gutim {Fire Str+6} (You found it on
                  | level 2 of the Lair of Beasts)
 16666 | D:11     | Bought a smoking chain mail for 304 gold pieces
 16676 | D:11     | Identified the +10 chain mail of Grace {Dex+4} (You bought
                  | it in a shop on level 11 of the Dungeon)
 16678 | D:11     | Bought a jasper-encrusted chain mail for 304 gold pieces
 16688 | D:11     | Identified the +4 chain mail of the Evening Star {MR++}
                  | (You bought it in a shop on level 11 of the Dungeon)
 16814 | Lair:2   | Reached XP level 13. HP: 58/69 MP: 6/20
 17460 | Lair:2   | Found a staircase to the Snake Pit.
 17718 | Lair:2   | Reached skill level 14 in Air Magic
 17796 | Lair:3   | Noticed a four-headed hydra
 17799 | Lair:3   | Killed a four-headed hydra
 18128 | Lair:3   | Found a staircase to the Shoals.
 18154 | Lair:3   | Offered knowledge of Iron Shot by Vehumet.
 18768 | Lair:3   | Noticed a six-headed hydra
 18777 | Lair:3   | Killed a six-headed hydra
 19201 | Lair:3   | Noticed an eight-headed hydra
 19205 | Lair:3   | Killed an eight-headed hydra
 20400 | Lair:4   | Reached XP level 14. HP: 74/74 MP: 8/24
 20818 | Lair:4   | Reached skill level 15 in Air Magic
 22580 | Lair:6   | Entered Level 6 of the Lair of Beasts
 22580 | Lair:6   | Noticed Sonja
 22586 | Lair:6   | Killed Sonja
 22632 | Lair:6   | Learned a level 6 spell: Iron Shot
 22915 | Lair:6   | Found a staircase to the Slime Pits.
 23354 | Lair:6   | Offered knowledge of Venom Bolt by Vehumet.
 24811 | Lair:6   | Reached skill level 16 in Air Magic
 25432 | Orc:1    | Entered Level 1 of the Orcish Mines
 25625 | Orc:1    | Reached XP level 15. HP: 79/79 MP: 9/27
 25902 | Orc:1    | Found an iron altar of Okawaru.
 26046 | Orc:1    | Noticed George's ghost (journeyman GrFi)
 26059 | Orc:1    | Found a runed translucent gate.
 26059 | Orc:1    | Found a runed translucent gate.
 26059 | Orc:1    | Found a runed translucent gate.
 26284 | Orc:1    | Noticed an orc warlord
 26290 | Orc:1    | Killed an orc warlord
 26639 | Orc:2    | Entered Level 2 of the Orcish Mines
 27056 | Orc:2    | Offered knowledge of Bolt of Cold by Vehumet.
 27242 | Orc:2    | Found a roughly hewn altar of Beogh.
 27243 | Orc:2    | Found Ryramm's Antique Armour Boutique.
 27253 | Orc:2    | Found Eqecen's Distillery.
 27258 | Orc:2    | Bought a potion of heal wounds for 85 gold pieces
 27258 | Orc:2    | Bought a potion of degeneration for 17 gold pieces
 27942 | Orc:2    | Reached skill level 5 in Evocations
 28059 | Orc:2    | Reached skill level 1 in Shields
 28768 | Orc:2    | Found a staircase to the Elven Halls.
 29042 | Orc:2    | Offered knowledge of Conjure Ball Lightning by Vehumet.
 29050 | Orc:2    | Learned a level 6 spell: Conjure Ball Lightning
 29128 | Orc:2    | Noticed an orc warlord
 29140 | Orc:2    | Killed an orc warlord
 29645 | Orc:2    | Found Dionker's Food Shoppe.
 29758 | Orc:2    | Found Awurus's Armour Boutique.
 29788 | Orc:2    | Found a roughly hewn altar of Beogh.
 30023 | D:7      | Killed Arum's ghost
 30234 | D:11     | Killed ilikecats's ghost
 30234 | D:11     | Reached skill level 17 in Air Magic
 30409 | Orc:1    | Killed George's ghost
 30906 | Orc:2    | Bought a +0 shield for 58 gold pieces
 31004 | Elf:1    | Entered Level 1 of the Elven Halls
 31357 | Elf:1    | Reached XP level 16. HP: 51/84 MP: 17/29
 31944 | Orc:2    | Reached skill level 10 in Spellcasting
 32418 | Shoals:1 | Entered Level 1 of the Shoals
 32644 | D:11     | Paralysed by a hornet for 3 turns
 32998 | D:12     | Offered knowledge of Orb of Destruction by Vehumet.
 33768 | D:12     | Learned a level 7 spell: Orb of Destruction
 34282 | D:13     | Noticed Rupert
 34292 | D:13     | Killed Rupert
 34987 | D:12     | Reached skill level 18 in Air Magic
 35868 | D:13     | Found a runed translucent door.
 36589 | D:14     | Reached ****** piety under Vehumet
 36661 | D:14     | Offered knowledge of Shatter by Vehumet.
 36661 | D:14     | Offered knowledge of Chain Lightning by Vehumet.
 36661 | D:14     | Offered knowledge of Tornado by Vehumet.
 36693 | D:14     | Reached XP level 17. HP: 74/88 MP: 31/31
 37160 | D:14     | Noticed Josephine
 37167 | D:14     | Killed Josephine
 37743 | D:14     | Found a gate to the Vaults.
 37854 | D:15     | Entered Level 15 of the Dungeon
 38551 | D:15     | Found Ynguret's Weapon Shop.
 39173 | D:15     | Reached skill level 5 in Armour
 39458 | D:15     | Found a staircase to the Depths.
 39529 | D:15     | Reached skill level 19 in Air Magic
 39910 | D:15     | Learned a level 9 spell: Tornado
 43135 | Shoals:1 | Noticed a kraken
 43274 | Shoals:2 | Found Suxaek's Food Boutique.
 43335 | Shoals:2 | Found Assog's Magic Scroll Emporium.
 43344 | Shoals:2 | Bought a scroll of fear for 59 gold pieces
 43344 | Shoals:2 | Bought a scroll of fog for 34 gold pieces
 43945 | Shoals:2 | Noticed a kraken
 43985 | Shoals:2 | Killed a kraken
 43985 | Shoals:2 | Reached XP level 18. HP: 86/95 MP: 8/32
 44516 | Shoals:2 | Found Beokha's Jewellery Boutique.
 44670 | Shoals:2 | Found Duhiwiedgh's Jewellery Shoppe.
 44694 | Shoals:2 | Found Caschot's Antique Armour Shop.
 44742 | Shoals:2 | Bought a spiked leather armour for 238 gold pieces
 44742 | Shoals:2 | Identified the +0 leather armour of Monotheism {rPois rC+
                  | Int-5} (You bought it in a shop on level 2 of the Shoals)
 44743 | Shoals:2 | Bought a runed buckler for 255 gold pieces
 44823 | Shoals:2 | Bought a slimy ring mail for 306 gold pieces
 44823 | Shoals:2 | Bought a pair of runed boots for 255 gold pieces
 44823 | Shoals:2 | Identified the +1 ring mail of the Mind {Str+5} (You bought
                  | it in a shop on level 2 of the Shoals)
 45215 | Shoals:2 | Bought an uncursed ring of poison resistance for 240 gold
                  | pieces
 45322 | Shoals:3 | Found a radiant altar of Vehumet.
 45340 | Shoals:3 | Found Abbuf's Armour Emporium.
 45346 | Shoals:3 | Noticed Ilsuiw
 45355 | Shoals:3 | Killed Ilsuiw
 45933 | Shoals:2 | Reached skill level 20 in Air Magic
 46353 | Shoals:3 | Reached skill level 5 in Shields
 46700 | Shoals:3 | Bought the +1 ring mail "Kymmak" {+Blink rF- Regen+ Int+8}
                  | for 524 gold pieces
 46927 | Shoals:3 | Noticed Bai Suzhen
 47094 | Shoals:4 | Entered Level 4 of the Shoals
 47094 | Shoals:4 | Noticed Mara
 47985 | Snake:1  | Entered Level 1 of the Snake Pit
 48241 | Snake:1  | Reached skill level 15 in Conjurations
 48926 | Snake:1  | Noticed Aizul
 48930 | Snake:1  | Killed Aizul
 48941 | Snake:1  | HP: 3/95 [guardian serpent (2)]
 49449 | Snake:1  | Found a runed translucent gate.
 49449 | Snake:1  | Found a runed translucent gate.
 49449 | Snake:1  | Found a runed translucent gate.
 49449 | Snake:1  | Noticed Quzxiy's ghost (adept GrBe)
 49590 | Snake:1  | Identified a scroll of acquirement
 49658 | Snake:1  | Found an ornate altar of the Wu Jian Council.
 50417 | Snake:2  | Found a runed translucent gate.
 50417 | Snake:2  | Found a runed translucent gate.
 50417 | Snake:2  | Found a runed translucent gate.
 50418 | Snake:2  | Noticed XanderDroid's ghost (adept MiBe)
 51837 | Snake:3  | Reached XP level 19. HP: 100/100 MP: 18/33
 53014 | Snake:4  | Entered Level 4 of the Snake Pit
 55156 | Snake:4  | HP: 4/100 [ball lightning[the player character] (42)]
 55156 | Snake:4  | Killed by an exploding ball lightning

Levels and vault maps discovered:
D:1:      minmay_arrival_stone_box, layout_basic, minmay_misc_feat_rows,
          minmay_misc_feat_room
D:2:      layout_basic, marbit_many_paths, nicolae_overflow_crystal_walls,
          chequers_ecumenical_altar_simple_redux, elyvilon_altar_4
D:3:      layout_basic, eat_drink_and_be_merry_uskayaw, nrook_mini_backslash,
          kennysheep_generic_room_7
D:4:      minmay_bubble_buster, layout_cave_pools,
          gammafunk_temple_overflow_pools, serial_glass, glass_columns_a,
          glass_columns_c, item_on_display_a, feat_on_display,
          due_unseen_surprise, feat_on_display, uniq_natasha,
          uniq_crazy_yiuf_cottage, uniq_ijyb, uniq_blork_the_orc
D:5:      layout_basic, minmay_temple_entry_gardened_gates, first_ration,
          basic_altar
D:6:      layout_cave_pods, serial_column_ruins, column_ruins_hut_pillars,
          column_ruins_hut, column_ruins_columns_corner, column_ruins_grid_1,
          column_ruins_open_small, column_ruins_open_large,
          column_ruins_columns_corner, trog_book, uniq_eustachio,
          uniq_prince_ribbit1
D:7:      layout_cave_pools, lemuel_round_altar, ebering_ghost_gozag,
          uniq_menkaure
D:8:      layout_cave_pools, grunt_qazlal_sundering,
          nemelex_xobeh_ov_fountains_minmay
D:9:      layout_loops_corners, david_lair_generic, orc_0_dummy,
          hangedman_little_slice_of_home, amethyst_killhole
D:10:     layout_stronghold, mrwooster_statue_mirror, uniq_psyche, uniq_urug
D:11:     layout_roguey, ebering_ghost_reflecting_pool, serial_shops,
          nicolae_shop_crystal, uniq_erolcha
D:12:     layout_cave_pools, hangedman_decor_slide_cut
D:13:     minmay_the_grid_four_pointed_star_mashed
          [minmay_the_grid_triangle_9x9_subtriangle,
          minmay_the_grid_triangle_9x9_checkered,
          minmay_the_grid_triangle_9x9_alien,
          minmay_the_grid_triangle_9x9_sprig,
          minmay_the_grid_prize_four_corners_diamond_b], layout_cave_pods,
          uniq_rupert
D:14:     layout_basic, ximxim_vaults_locker_room,
          chequers_serial_rivers_large_b, uniq_josephine
D:15:     gammafunk_enter_depths_forms, layout_irregular_city, chequers_garden,
          serial_shops, shop, chequers_serial_rivers_small_b
Lair:1:   layout_loops_ring, uniq_nergalle
Lair:2:   layout_gridlike, minmay_snake_entry_guardpost_small,
          serial_bayou_pond_c
Lair:3:   layout_chaotic_city, minmay_shoals_entry_lonely_mermaid,
          hangedman_lair_unloving_vines
Lair:4:   layout_gridlike, beast_lair_carwin_5, minmay_lair_oklob_chamber
Lair:5:   layout_long_grid, bobbens_ice_dragon_lair, grunt_megastairs_4
Lair:6:   minmay_lair_end_enchanted_forest, layout_hall_layers, slime_dummy,
          uniq_sonja
Shoals:1: layout_shoals
Shoals:2: layout_shoals, serial_shops, shop, shop_fountains, nicolae_shop_trees,
          shop, shop, nicolae_shoals_kraken_intersection
Shoals:3: layout_shoals, serial_shops, nicolae_shop_waterfront,
          lemuel_altar_in_water, uniq_ilsuiw, uniq_bai_suzhen
Shoals:4: shoals_end_grunt_ice, layout_shoals, shoal_ilsuiw,
          hangedman_feature_mirror, uniq_polyphemus, uniq_mara
Snake:1:  layout_rooms, basic_altar, ebering_ghost_rock_garden, uniq_aizul
Snake:2:  layout_gridlike, ebering_ghost_rock_garden, uniq_vashnia
Snake:3:  layout_misc_corridors
Snake:4:  snake_pit_salamanders_mu, layout_cave_town, serial_bayou,
          serial_bayou_lagoon_a, serial_bayou_pond_e, serial_bayou_lake_a,
          serial_bayou_shore_b
Orc:1:    layout_caves, gammafunk_ghost_split, okawaru_metal_pillars_3
Orc:2:    pubby_orc_utopia
Elf:1:    minmay_elf_arrival_summoners, layout_gridlike,
          portal_ice_cave_entry_pillars_2, minmay_elf_sorcery,
          grunt_ministairs_12, st_stairs_13, palyth_stone_intersect, uniq_nikola

Skill      XL: |  1  2  3  4  5  6  7  8  9 10 11 12 13 14 15 16 17 18 19 |
---------------+----------------------------------------------------------+-----
Conjurations   | 2 3 4 5 6 7 9 10 11 12 13 14 15 | 15.8
Spellcasting   | 3 4 5 6 8 9 10 11 | 11.6
Air Magic      | 4 5 6 8 10 11 13 14 16 17 18 19 20 | 20.9
Stealth        | 3 4 5 6 |  6.0
Short Blades   | 1 2 3 |  3.8
Fighting       | 1 2 3 4 |  4.8
Dodging        | 3 4 5 6 7 |  7.0
Translocations | 2 3 |  3.7
Armour         | 1 2 3 4 5 6 |  6.4
Evocations     | 2 4 5 6 |  6.0
Long Blades    | 1 2 3 |  3.6
Shields        | 2 4 5 |  5.3
Charms         | |  0.1

Action                   |  1- 3 |  4- 6 |  7- 9 | 10-12 | 13-15 | 16-18 | 19-21 || total
-------------------------+-------+-------+-------+-------+-------+-------+-------++-------
Melee: Unarmed           |     2 |       |       |       |       |       |       ||     2
       Dagger            |    12 |    15 |   103 |    76 |       |       |       ||   206
       Falchion          |       |       |       |    82 |   357 |   182 |    21 ||   642
       Staff             |       |       |       |       |       |    14 |       ||    14
 Cast: Shock             |    65 |   143 |   276 |   257 |    72 |       |       ||   813
       Airstrike         |       |     1 |    13 |    93 |   294 |   295 |    93 ||   789
       Swiftness         |       |     1 |     1 |       |       |       |       ||     2
       Blink             |       |       |     3 |     2 |     1 |       |       ||     6
       Lightning Bolt    |       |       |     4 |    82 |   344 |   534 |    83 ||  1047
       Mephitic Cloud    |       |       |     1 |       |       |       |       ||     1
       Conjure Ball Ligh |       |       |       |       |       |     2 |     1 ||     3
 Abil: Stop Flying       |       |       |       |       |       |     5 |       ||     5
       Evoke Flight      |       |       |       |       |       |     4 |       ||     4
Evoke: Wand              |       |       |     2 |     9 |    42 |    62 |     9 ||   124
  Use: Scroll            |       |     2 |     7 |    16 |    15 |    19 |       ||    59
       Potion            |       |       |     4 |       |     2 |    10 |     1 ||    17
 Stab: Sleeping          |       |     1 |     4 |     4 |     1 |       |       ||    10
       Paralysed         |       |       |       |       |     6 |    13 |       ||    19
  Eat: Chunk             |    12 |     7 |    19 |    58 |   142 |   144 |    20 ||   402
       Ration            |       |       |       |       |     2 |     9 |     1 ||    12
Armor: Robe              |     6 |    10 |    34 |    37 |       |       |       ||    87
       Troll leather arm |       |       |       |    58 |    49 |       |       ||   107
       Chain mail        |       |       |       |       |   310 |   447 |    62 ||   819
       Ring mail         |       |       |       |       |       |     7 |       ||     7
Dodge: Dodged            |    26 |    48 |   115 |   259 |   390 |   268 |    55 ||  1161
Block: Buckler           |       |       |       |       |    79 |   150 |    45 ||   274
       Shield            |       |       |       |       |       |    94 |       ||    94
       Reflection        |       |       |       |       |       |     9 |     3 ||    12
       Rpst.: Falchion   |       |       |       |    38 |   107 |    49 |    15 ||   209

Table legend:
 A = Non-vault XP
 B = Vault XP
 C = Vault XP percentage of total XP
 D = Non-vault monster count
 E = Vault monster count
 F = Vault count percentage of total count
                 A         B        C        D         E       F
            +---------+---------+-------+---------+---------+-------
      Total |  217468 |   82368 |  27.5 |     887 |     312 |  26.0
            +---------+---------+-------+---------+---------+-------
        D:1 |      20 |       0 |   0.0 |      13 |       0 |   0.0
        D:2 |      96 |       1 |   1.0 |      21 |       1 |   4.5
        D:3 |     416 |      74 |  15.1 |      41 |       3 |   6.8
        D:4 |     453 |     269 |  37.3 |      29 |       8 |  21.6
        D:5 |     620 |       0 |   0.0 |      22 |       0 |   0.0
        D:6 |     955 |     482 |  33.5 |      23 |       2 |   8.0
        D:7 |     765 |    1212 |  61.3 |      18 |       4 |  18.2
        D:8 |    1700 |       0 |   0.0 |      28 |       0 |   0.0
        D:9 |    2067 |    1184 |  36.4 |      43 |      12 |  21.8
       D:10 |    6438 |     410 |   6.0 |      39 |       1 |   2.5
       D:11 |   11806 |    2140 |  15.3 |      79 |       2 |   2.5
       D:12 |    7376 |       0 |   0.0 |      49 |       0 |   0.0
       D:13 |    9696 |   10717 |  52.5 |      32 |      24 |  42.9
       D:14 |   15751 |    5476 |  25.8 |      42 |      15 |  26.3
       D:15 |    5255 |    4696 |  47.2 |      15 |       8 |  34.8
     Lair:1 |    2292 |       0 |   0.0 |      10 |       0 |   0.0
     Lair:2 |   10193 |     317 |   3.0 |      36 |       2 |   5.3
     Lair:3 |   14806 |     474 |   3.1 |      35 |       1 |   2.8
     Lair:4 |    3286 |    4833 |  59.5 |      16 |      10 |  38.5
     Lair:5 |    4895 |    2719 |  35.7 |      17 |      14 |  45.2
     Lair:6 |    5134 |    8506 |  62.4 |      14 |      40 |  74.1
   Shoals:1 |   16261 |       0 |   0.0 |      32 |       0 |   0.0
   Shoals:2 |   13979 |    2346 |  14.4 |      32 |       1 |   3.0
   Shoals:3 |    6033 |    5594 |  48.1 |      13 |       7 |  35.0
   Shoals:4 |     476 |    1652 |  77.6 |       2 |       3 |  60.0
    Snake:1 |   12738 |    1485 |  10.4 |      26 |       1 |   3.7
    Snake:2 |   18891 |    2529 |  11.8 |      36 |       3 |   7.7
    Snake:3 |   13312 |       0 |   0.0 |      27 |       0 |   0.0
    Snake:4 |   19558 |     169 |   0.9 |      32 |       1 |   3.0
      Orc:1 |    7196 |    2044 |  22.1 |      59 |      13 |  18.1
      Orc:2 |    3510 |   19180 |  84.5 |       4 |     129 |  97.0
      Elf:1 |    1494 |    3859 |  72.1 |       2 |       7 |  77.8
            +---------+---------+-------+---------+---------+-------
